AoeStats
← cicakmasta

Black Forest

507890632Analyzed
3v3 RM · 13d ago on Sep 20, 2026· 60m 26s· 6 players
Game mode
Random Map
Map size
Normal (6 player)
Population
200
Speed
Normal
Resources
Standard
Victory
Conquest
Starting age
Dark Age
Ending age
Imperial Age
RankedLock teamsTeams togetherTeam positionsShared explorationLock speedFull tech treeHidden civsTurbo modeCheats
Victory
Defeat
🇺🇸 Celts · United States
643
+9
🇦🇺 Romans · Australia
427
+18
🇮🇩 Britons · Indonesia
374
+19
🇺🇸 Slavs · United States
513
-17
🇨🇱 Japanese · Chile
484
-16
🇫🇷 Italians · France
403
-13
Wortortle
5:10 Loom
12:58 Feudal Age
18:27 Castle Age
16:12 Horse Collar
16:35 Double-Bit Axe
17:49 Stone Mining
19:50 Bow Saw
22:30 Wheelbarrow
22:40 Man-at-Arms
25:55 Hand Cart
25:07 Long Swordsman
26:13 Pikeman
28:13 Detinets
32:55 Imperial Age
31:32 Scale Mail Armor
32:39 Squires
32:56 Chain Mail Armor
35:01 Plate Mail Armor
35:51 Two-Man Saw
34:53 Heavy Plow
35:34 Forging
36:03 Onager
36:07 Halberdier
39:39 Siege Engineers
39:49 Masonry
40:47 Crop Rotation
40:11 Two-Handed Swordsman
41:52 Conscription
43:25 Iron Casting
mickaelblond
11:51 Feudal Age
15:03 Horse Collar
15:36 Double-Bit Axe
26:21 Castle Age
25:44 Gold Mining
25:45 Stone Mining
27:50 Padded Archer Armor
27:41 Fletching
28:00 Crossbowman
28:46 Thumb Ring
29:42 Caravan
30:31 Bow Saw
30:56 Leather Archer Armor
36:50 Bodkin Arrow
37:06 Forging
38:35 Heavy Plow
39:18 Wheelbarrow
39:16 Elite Skirmisher
40:22 Hand Cart
47:54 Imperial Age
45:33 Treadmill Crane
45:49 Murder Holes
46:16 Ballistics
46:08 Scale Barding Armor
46:39 Iron Casting
49:08 Crop Rotation
51:04 Chemistry
50:40 Ring Archer Armor
50:11 Bracer
51:12 Blast Furnace
51:27 Conscription
51:35 Elite Genoese Crossbowman
57:02 Hoardings
56:24 Light Cavalry
57:15 Bloodlines
56:26 Cavalier
57:08 Husbandry
58:25 Two-Man Saw
58:06 Chain Barding Armor
57:47 Scale Mail Armor
benjamintorres755
11:44 Feudal Age
21:41 Man-at-Arms
25:20 Forging
28:46 Castle Age
30:47 Iron Casting
32:42 Gold Mining
36:07 Long Swordsman
39:35 Gambesons
TabbyIsHeree
0:34 Loom
14:10 Feudal Age
15:47 Horse Collar
16:03 Gold Mining
18:48 Town Watch
18:45 Man-at-Arms
25:35 Castle Age
25:44 Long Swordsman
35:09 Forging
43:18 Imperial Age
44:42 Legionary
47:11 Scale Mail Armor
47:47 Iron Casting
48:27 Capped Ram
49:56 Chain Mail Armor
50:40 Conscription
(Aztlan905)
1:25 Loom
13:00 Feudal Age
19:52 Castle Age
17:47 Horse Collar
18:01 Double-Bit Axe
20:49 Town Watch
22:03 Stone Mining
22:26 Forging
22:54 Wheelbarrow
23:44 Bow Saw
24:31 Heavy Plow
27:25 Fervor
28:30 Fletching
29:04 Hand Cart
30:45 Gold Mining
34:18 Imperial Age
32:57 Town Patrol
33:47 Bodkin Arrow
33:56 Scale Mail Armor
34:43 Gold Shaft Mining
34:30 Sanctity
34:11 Arson
34:04 Pikeman
36:46 Ballistics
36:31 Stronghold
38:12 Iron Casting
37:53 Chain Mail Armor
38:25 Elite Woad Raider
39:53 Conscription
40:37 Chemistry
39:19 Treadmill Crane
42:17 Stone Shaft Mining
43:07 Plate Mail Armor
43:37 Blast Furnace
47:17 Fortified Wall
51:12 Furor Celtica
51:12 Siege Engineers
51:18 Masonry
52:15 Onager
53:32 Siege Onager
cicakmasta
14:19 Feudal Age
16:54 Wheelbarrow
16:06 Town Watch
16:01 Man-at-Arms
16:29 Arson
16:55 Double-Bit Axe
16:54 Horse Collar
18:34 Gold Mining
31:14 Padded Archer Armor
31:05 Fletching
33:37 Castle Age
Connection lost

Rejoining the realm…

Still unreachable

The connection could not be restored.

Session expired

The server has moved on; the page needs a fresh start.